PCL
MILE HIGH BRONCOS @ ALBUQUERQUE ISOTOPES
07/23/2023
 
TOP OF THE 1ST
Mile High Broncos batting - Pitching for Albuquerque Isotopes : RHP Juan Marín
Pitching: RHP Juan Marín
Batting: RHB Damian Yates 0-0: Foul Ball, location: 2F
0-1: Ball
1-1: Ball
2-1: Foul Ball, location: 2F
2-2: Ball
3-2: Fly out, F7 (Flyball, 78S)
Batting: RHB Phil White 0-0: Ball
1-0: Called Strike
1-1: Foul Ball, location: 2F
1-2: Strikes out swinging
Batting: RHB José Herrera 0-0: Ball
1-0: Called Strike
1-1: Swinging Strike
1-2: Foul Ball, location: 2F
1-2: Strikes out swinging
Top of the 1st over - 0 run(s), 0 hit(s), 0 error(s), 0 left on base; Mile High 0 - Albuquerque 0
BOTTOM OF THE 1ST
Albuquerque Isotopes batting - Pitching for Mile High Broncos : RHP John Burris
Pitching: RHP John Burris
Batting: LHB Pedro Vega 0-0: Foul Ball, location: 2F
0-1: Fly out, F9 (Flyball, 9LM)
Batting: RHB Chris Terry 0-0: Ball
1-0: Called Strike
1-1: Ball
2-1: Fly out, F7 (Flyball, 7LM)
Batting: LHB Juan Carlos Sánchez 0-0: Ball
1-0: Called Strike
1-1: Foul Ball, location: 2F
1-2: Strikes out swinging
Bottom of the 1st over - 0 run(s), 0 hit(s), 0 error(s), 0 left on base; Mile High 0 - Albuquerque 0
TOP OF THE 2ND
Mile High Broncos batting - Pitching for Albuquerque Isotopes : RHP Juan Marín
Batting: RHB António Martínez 0-0: Ball
1-0: Ground out 4-3 (Groundball, 34)
Batting: RHB Juan Jose Guevana 0-0: Fly out, F7 (Flyball, 78XD)
Batting: RHB Jesús Espinoza 0-0: SOLO HOME RUN (Flyball, 7D), Distance : 371 ft
Batting: RHB Ximena Campos 0-0: Called Strike
0-1: Foul Ball, location: 2F
0-2: Ball
1-2: Strikes out swinging
Top of the 2nd over - 1 run(s), 1 hit(s), 0 error(s), 0 left on base; Mile High 1 - Albuquerque 0
BOTTOM OF THE 2ND
Albuquerque Isotopes batting - Pitching for Mile High Broncos : RHP John Burris
Batting: RHB Edward Young 0-0: Ball
1-0: Ball
2-0: Called Strike
2-1: Swinging Strike
2-2: Ball
3-2: Foul Ball, location: 2F
3-2: Base on Balls
Batting: LHB David Griffin 0-0: Ball
Edward Young steals 2nd base
1-0: Ball
2-0: Ball
3-0: Foul Ball, location: 2F
3-1: Base on Balls
Batting: LHB Manny Mejía 0-0: Ball
1-0: Ball
2-0: Ball
3-0: Base on Balls
Edward Young to third
David Griffin to second
Batting: LHB Mark Vestal 0-0: Ball
1-0: Swinging Strike
1-1: Ball
2-1: Ball
3-1: Called Strike
3-2: Foul Ball, location: 2F
3-2: Strikes out swinging
Batting: RHB Roberto Pérez 0-0: Grounds into fielders choice 1-2 (Groundball, 13S)
David Griffin to third
Manny Mejía to second
Batting: RHB Luis Martínez 0-0: Ball
1-0: Foul Ball, location: 2F
1-1: DOUBLE (Line Drive, 9LS)
David Griffin scores
Manny Mejía scores
Roberto Pérez to third
Runner from 3rd tries for Home, SAFE, no throw or cutoff
Batting: LHB Pedro Vega 0-0: Swinging Strike
0-1: Ball
1-1: Swinging Strike
1-2: Ball
2-2: Ground out 4-3 (Groundball, 4)
Bottom of the 2nd over - 3 run(s), 1 hit(s), 0 error(s), 1 left on base; Mile High 1 - Albuquerque 3
TOP OF THE 3RD
Mile High Broncos batting - Pitching for Albuquerque Isotopes : RHP Juan Marín
Batting: SHB Tom Stevens 0-0: Ball
1-0: Fly out, F9 (Flyball, 9M)
Batting: RHB Jung-ha Kim 0-0: Called Strike
0-1: Ball
1-1: Swinging Strike
1-2: Strikes out looking
Batting: RHB Damian Yates 0-0: Called Strike
0-1: Ball
1-1: Swinging Strike
1-2: Strikes out swinging
Top of the 3rd over - 0 run(s), 0 hit(s), 0 error(s), 0 left on base; Mile High 1 - Albuquerque 3
BOTTOM OF THE 3RD
Albuquerque Isotopes batting - Pitching for Mile High Broncos : RHP John Burris
Batting: RHB Chris Terry 0-0: Swinging Strike
0-1: Called Strike
0-2: Ball
1-2: Strikes out swinging
Batting: LHB Juan Carlos Sánchez 0-0: Foul Ball, location: 2F
0-1: Foul Ball, location: 2F
0-2: Ground out 6-3 (Groundball, 6)
Batting: RHB Edward Young 0-0: Ball
1-0: Foul Ball, location: 2F
1-1: Foul Ball, location: 2F
1-2: Fly out, F8 (Flyball, 8LXD)
Bottom of the 3rd over - 0 run(s), 0 hit(s), 0 error(s), 0 left on base; Mile High 1 - Albuquerque 3
TOP OF THE 4TH
Mile High Broncos batting - Pitching for Albuquerque Isotopes : RHP Juan Marín
Batting: RHB Phil White 0-0: Foul Ball, location: 2F
0-1: Ball
1-1: SOLO HOME RUN (Flyball, 78XD), Distance : 393 ft
Batting: RHB José Herrera 0-0: Ball
1-0: Ball
2-0: SOLO HOME RUN (Flyball, 7D), Distance : 366 ft
Batting: RHB António Martínez 0-0: Ball
1-0: Foul Ball, location: 2F
1-1: Swinging Strike
1-2: Ball
2-2: SINGLE (Line Drive, 4M)
Batting: RHB Juan Jose Guevana 0-0: Ball
1-0: Foul Ball, location: 2F
1-1: Foul Ball, location: 2F
1-2: Grounds into double play, 5-4-3 (Groundball, 56)
Batting: RHB Jesús Espinoza 0-0: Swinging Strike
0-1: Called Strike
0-2: Foul Ball, location: 2F
0-2: Foul Ball, location: 2F
0-2: Ball
1-2: Ball
2-2: SOLO HOME RUN (Flyball, 7LD), Distance : 365 ft
Batting: RHB Ximena Campos 0-0: Ball
1-0: Called Strike
1-1: Foul Ball, location: 2F
1-2: Foul Ball, location: 2F
1-2: Ball
2-2: Ball
3-2: Ground out 5-3 (Groundball, 5S)
Top of the 4th over - 3 run(s), 4 hit(s), 0 error(s), 0 left on base; Mile High 4 - Albuquerque 3
BOTTOM OF THE 4TH
Albuquerque Isotopes batting - Pitching for Mile High Broncos : RHP John Burris
Batting: LHB David Griffin 0-0: Swinging Strike
0-1: Reached on error, E6 (Groundball, 6M)
Batting: LHB Manny Mejía 0-0: Called Strike
0-1: Ball
1-1: Ball
2-1: Foul Ball, location: 2F
2-2: Ball
3-2: Grounds into double play, 1-6-3 (Groundball, 25)
Batting: LHB Mark Vestal 0-0: Called Strike
0-1: Ball
1-1: Foul Ball, location: 2F
1-2: Ground out 5-3 (Groundball, 5S)
Bottom of the 4th over - 0 run(s), 0 hit(s), 1 error(s), 0 left on base; Mile High 4 - Albuquerque 3
TOP OF THE 5TH
Mile High Broncos batting - Pitching for Albuquerque Isotopes : RHP Juan Marín
Batting: SHB Tom Stevens 0-0: Ball
1-0: Foul Ball, location: 2F
1-1: Ground out 5-3 (Groundball, 56S)
Batting: RHB Jung-ha Kim 0-0: Called Strike
0-1: Ball
1-1: Swinging Strike
1-2: Strikes out swinging
Batting: RHB Damian Yates 0-0: SOLO HOME RUN (Flyball, 8LXD), Distance : 433 ft
Batting: RHB Phil White 0-0: Swinging Strike
0-1: Ground out 5-3 (Groundball, 5)
Top of the 5th over - 1 run(s), 1 hit(s), 0 error(s), 0 left on base; Mile High 5 - Albuquerque 3
BOTTOM OF THE 5TH
Albuquerque Isotopes batting - Pitching for Mile High Broncos : RHP John Burris
Batting: RHB Roberto Pérez 0-0: Ball
1-0: Ball
2-0: Foul Ball, location: 2F
2-1: Ball
3-1: Called Strike
3-2: SINGLE (Groundball, 6D)
Batting: RHB Luis Martínez 0-0: Ball
1-0: Ball
2-0: Grounds into double play, 6-4-3 (Groundball, 6)
Batting: LHB Pedro Vega 0-0: Called Strike
0-1: Ball
1-1: Foul Ball, location: 2F
1-2: Ball
2-2: Foul Ball, location: 2F
2-2: Ball
3-2: Strikes out looking
Bottom of the 5th over - 0 run(s), 1 hit(s), 0 error(s), 0 left on base; Mile High 5 - Albuquerque 3
TOP OF THE 6TH
Mile High Broncos batting - Pitching for Albuquerque Isotopes : RHP Juan Marín
Batting: RHB José Herrera 0-0: Ball
1-0: Ball
2-0: Ball
3-0: Called Strike
3-1: Ground out 6-3 (Groundball, 6)
Batting: RHB António Martínez 0-0: Ball
1-0: Foul Ball, location: 2F
1-1: SINGLE (Flyball, 9S)
Pitching: RHP Manny Muńóz
Batting: RHB Juan Jose Guevana 0-0: Called Strike
0-1: Ball
1-1: Called Strike
1-2: Ball
2-2: Foul Ball, location: 2F
2-2: Ball
3-2: Foul Ball, location: 2F
3-2: Base on Balls
António Martínez to second
Batting: RHB Jesús Espinoza 0-0: Ball
1-0: Ball
2-0: Ball
3-0: Base on Balls
António Martínez to third
Juan Jose Guevana to second
Batting: RHB Ximena Campos 0-0: Foul Ball, location: 2F
0-1: Ball
1-1: Ball
2-1: Foul Ball, location: 2F
2-2: Ball
3-2: Strikes out swinging
Batting: SHB Tom Stevens 0-0: Ball
1-0: Swinging Strike
1-1: Fly out, F6 (Popup, 6D)
Top of the 6th over - 0 run(s), 1 hit(s), 0 error(s), 3 left on base; Mile High 5 - Albuquerque 3
BOTTOM OF THE 6TH
Albuquerque Isotopes batting - Pitching for Mile High Broncos : RHP John Burris
Batting: RHB Chris Terry 0-0: Called Strike
0-1: SINGLE (Line Drive, 6MD)
Batting: LHB Juan Carlos Sánchez 0-0: Called Strike
0-1: Ball
Chris Terry steals 2nd base
1-1: Ball
2-1: Called Strike
2-2: Strikes out swinging
Batting: RHB Edward Young 0-0: Ball
1-0: Ball
2-0: SINGLE (Groundball, 6D) (infield hit)
Chris Terry to third
Batting: LHB David Griffin 0-0: Ball
1-0: Foul Ball, location: 2F
1-1: Fly out, F7 (Flyball, 7LM)
Runner from 3rd tags up, SCORES, no throw
Batting: LHB Manny Mejía 0-0: Ball
Edward Young is caught stealing 2nd base
Bottom of the 6th over - 1 run(s), 2 hit(s), 0 error(s), 0 left on base; Mile High 5 - Albuquerque 4
TOP OF THE 7TH
Mile High Broncos batting - Pitching for Albuquerque Isotopes : RHP Manny Muńóz
Batting: RHB Jung-ha Kim 0-0: Foul Ball, location: 2F
0-1: Ball
1-1: SOLO HOME RUN (Line Drive, 8LXD), Distance : 420 ft
Batting: RHB Damian Yates 0-0: Foul Ball, location: 2F
0-1: Ground out 6-3 (Groundball, 6M)
Batting: RHB Phil White 0-0: Called Strike
0-1: Ball
1-1: Swinging Strike
1-2: Ball
2-2: Strikes out looking
Batting: RHB José Herrera 0-0: Ball
1-0: Ball
2-0: Ball
3-0: Called Strike
3-1: Base on Balls
Batting: RHB António Martínez 0-0: Ball
1-0: Ball
2-0: Called Strike
2-1: SINGLE (Groundball, 34)
José Herrera to second
Runner from 2nd tries for 3rd, SAFE, throw made to third
Batting: RHB Juan Jose Guevana 0-0: Ball
1-0: Ball
2-0: Ball
3-0: Swinging Strike
3-1: Foul Ball, location: 2F
3-2: Foul Ball, location: 2F
3-2: Strikes out swinging
Top of the 7th over - 1 run(s), 2 hit(s), 0 error(s), 2 left on base; Mile High 6 - Albuquerque 4
BOTTOM OF THE 7TH
Albuquerque Isotopes batting - Pitching for Mile High Broncos : RHP John Burris
Pitching: LHP Jorge García
Batting: LHB Manny Mejía 0-0: Fly out, F8 (Flyball, 8LD)
Batting: LHB Mark Vestal 0-0: Ball
1-0: Called Strike
1-1: Called Strike
1-2: Ground out 5-3 (Groundball, 56S)
Batting: RHB Roberto Pérez 0-0: Ball
1-0: SINGLE (Groundball, 4M) (infield hit)
Batting: RHB Luis Martínez 0-0: Called Strike
0-1: Foul Ball, location: 2F
0-2: Strikes out swinging
Bottom of the 7th over - 0 run(s), 1 hit(s), 0 error(s), 1 left on base; Mile High 6 - Albuquerque 4
TOP OF THE 8TH
Mile High Broncos batting - Pitching for Albuquerque Isotopes : RHP Manny Muńóz
Batting: RHB Jesús Espinoza 0-0: Called Strike
0-1: Ball
1-1: Ball
2-1: SINGLE (Line Drive, 4M)
Pitching: RHP Arthur Smith
Batting: RHB Ximena Campos 0-0: Called Strike
0-1: Fly out, F7 (Line Drive, 7M)
Batting: SHB Tom Stevens 0-0: Ball
1-0: SINGLE (Line Drive, 8LS)
Jesús Espinoza to second
Batting: RHB Jung-ha Kim 0-0: Called Strike
0-1: Ball
1-1: Ball
Passed Ball!
Jesús Espinoza to third
Tom Stevens to second
2-1: Ball
3-1: Swinging Strike
3-2: Base on Balls
Batting: RHB Damian Yates 0-0: Ball
1-0: Ball
2-0: Ball
3-0: Called Strike
3-1: Foul Ball, location: 2F
3-2: Foul Ball, location: 2F
3-2: Base on Balls
Jesús Espinoza scores
Tom Stevens to third
Jung-ha Kim to second
Batting: RHB Phil White 0-0: Ball
1-0: Called Strike
1-1: Swinging Strike
1-2: Ball
2-2: GRAND SLAM HOME RUN (Flyball, 7D), Distance : 389 ft
Pitching: RHP Unissa Hondo
Batting: RHB José Herrera 0-0: Foul Ball, location: 2F
0-1: Swinging Strike
0-2: Ball
1-2: Ground out 1-3 (Groundball, 13)
Pinch Hitting: RHB Juan Gonzáles 0-0: Foul Ball, location: 2F
0-1: Called Strike
0-2: Foul Ball, location: 2F
0-2: Ball
1-2: Strikes out swinging
Top of the 8th over - 5 run(s), 3 hit(s), 0 error(s), 0 left on base; Mile High 11 - Albuquerque 4
BOTTOM OF THE 8TH
Albuquerque Isotopes batting - Pitching for Mile High Broncos : LHP Jorge García
Now at 2B: Juan Gonzáles
Batting: LHB Pedro Vega 0-0: DOUBLE (Line Drive, 89D)
Batting: RHB Chris Terry 0-0: Fly out, F7 (Flyball, 78M)
Batting: LHB Juan Carlos Sánchez 0-0: Swinging Strike
0-1: Ball
1-1: Called Strike
1-2: Ball
2-2: Ball
3-2: Strikes out swinging
Batting: RHB Edward Young 0-0: Called Strike
0-1: Called Strike
0-2: Ground out 6-3 (Groundball, 6M)
Bottom of the 8th over - 0 run(s), 1 hit(s), 0 error(s), 1 left on base; Mile High 11 - Albuquerque 4
TOP OF THE 9TH
Mile High Broncos batting - Pitching for Albuquerque Isotopes : RHP Unissa Hondo
Batting: RHB Juan Jose Guevana 0-0: SINGLE (Groundball, 56D) (infield hit)
Batting: RHB Jesús Espinoza 0-0: Bunted foul
0-1: Sac Bunt - play at first, batter OUT! 1-4
Juan Jose Guevana to second
Batting: RHB Ximena Campos 0-0: Ball
1-0: Called Strike
1-1: DOUBLE (Line Drive, 7LS)
Juan Jose Guevana scores
Pinch Hitting: RHB Su-kweon Yu 0-0: Called Strike
Ximena Campos steals 3rd base
0-1: Foul Ball, location: 2F
0-2: Ball
1-2: Fly out, F8 (Flyball, 8RD)
Runner from 3rd tags up, SCORES, no throw
Batting: RHB Jung-ha Kim 0-0: Ball
1-0: Called Strike
1-1: Ball
2-1: Called Strike
2-2: Fly out, F9 (Flyball, 89M)
Top of the 9th over - 2 run(s), 2 hit(s), 0 error(s), 0 left on base; Mile High 13 - Albuquerque 4
BOTTOM OF THE 9TH
Albuquerque Isotopes batting - Pitching for Mile High Broncos : LHP Jorge García
Now at SS: Vincente Ventura
Batting: LHB David Griffin 0-0: SOLO HOME RUN (Flyball, 9LD), Distance : 377 ft
Pinch Hitting: SHB Chris Atkinson 0-0: Called Strike
0-1: Ball
1-1: Called Strike
1-2: Foul Ball, location: 2F
1-2: Ball
2-2: Strikes out swinging
Pitching: RHP Dave Powers
Batting: LHB Mark Vestal 0-0: Called Strike
0-1: Swinging Strike
0-2: Ball
1-2: Fly out, F2 (Popup, 2LF)
Batting: RHB Roberto Pérez 0-0: SINGLE (Groundball, 56)
Batting: RHB Luis Martínez 0-0: SINGLE (Line Drive, 6MD)
Roberto Pérez to second
Pinch Hitting: RHB Adrián García 0-0: Foul Ball, location: 2F
0-1: Ball
1-1: Called Strike
1-2: Ground out 6-3 (Groundball, 6)
Bottom of the 9th over - 1 run(s), 3 hit(s), 0 error(s), 2 left on base; Mile High 13 - Albuquerque 5
This league is powered by Out of the Park Baseball, the baseball management simulation game for PC, Mac and Linux
Wednesday, December 2nd, 2015 - OOTP Baseball 16.8 Build 38